 Dungeon Crawl Stone Soup version 0.21.1-1-g345015f (webtiles) character file.

37 cultivahabas the Caller (level 3, -1/19 HPs)
             Began as a Deep Elf Summoner on May 7, 2018.
             Killed from afar by Sigmund (4 damage)
             ... with a puff of flame
             ... on level 2 of the Dungeon.
             The game lasted 00:11:21 (2861 turns).

cultivahabas the Caller (Deep Elf Summoner)         Turns: 2861, Time: 00:11:22

Health: -1/19      AC:  2    Str:  5    XL:     3   Next: 23%
Magic:  5/10       EV: 13    Int: 20    God:
Gold:   94         SH:  0    Dex: 15    Spells: 6/9 levels left

rFire    . . .     SeeInvis .   d - +0 short sword
rCold    . . .     Gourm    .   (no shield)
rNeg     . . .     Faith    .   a - +0 robe
rPois    .         Spirit   .   (no helmet)
rElec    .         Reflect  .   (no cloak)
rCorr    .         Harm     .   (no gloves)
MR       .....                  (no boots)
Stlth    ++........             (no amulet)
HPRegen  0.06/turn              (no ring)
MPRegen  0.12/turn              (no ring)

@: no status effects
A: no striking features
a: no special abilities


You were on level 2 of the Dungeon.
You were not hungry.

You visited 1 branch of the dungeon, and saw 2 of its levels.

You collected 94 gold pieces.

Inventory:

Hand Weapons
 d - a +0 short sword (weapon)
Missiles
 e - 57 stones (quivered)
Armour
 a - a +0 robe (worn)
Wands
 j - a wand of iceblast (11)
Scrolls
 f - 2 scrolls of remove curse {unknown}
 i - 2 scrolls of identify {unknown}
 k - a scroll of random uselessness {unknown}
 l - a scroll of amnesia {unknown}
 n - a scroll of noise {unknown}
Potions
 g - a potion of agility {unknown}
 h - 2 potions of magic {unknown}
 m - a potion of heal wounds {unknown}
Books
 b - a book of Callings

   Spells                             Type                      Level
   a - Summon Small Mammal            Summoning                    1
   b - Call Imp                       Summoning                    2
   c - Call Canine Familiar           Summoning                    3
   d - Summon Guardian Golem          Hexes/Summoning              3
   e - Summon Lightning Spire         Summoning/Air                4
   f - Summon Ice Beast               Ice/Summoning                4
Comestibles
 c - 3 rations
 o - 5 chunks of flesh


   Skills:
 - Level 2.4 Dodging
 - Level 2.4 Stealth
 + Level 3.7 Spellcasting
 * Level 5.3 Summonings


You had 6 spell levels left.
You knew the following spells:

 Your Spells              Type           Power        Failure   Level  Hunger
a - Summon Small Mammal   Summ           ####         1%          1    None
b - Call Imp              Summ           ####....     2%          2    ##.....


Dungeon Overview and Level Annotations

Branches:
Dungeon (2/15)

Altars:
Uskayaw
Wu Jian
Zin

Annotations:
D:2 1 runed door, Jessica, Sigmund


Message History

Your crimson imp hits something but does no damage.
What are your orders? t - Shout!
Orders for allies: a - Attack new target. r - Retreat! s - Stop attacking. g - Guard the area. f - Follow me.
Anything else - Cancel.
Gang up on whom?
Press: ? - help, Dir - move target cursor, f - you
Okay, then.
A magic dart appears from out of thin air!
The magic dart hits your crimson imp.
Your crimson imp hits something.
Something hits you!
* * * LOW HITPOINT WARNING * * *
Your crimson imp misses something.
Something misses your crimson imp.
Your crimson imp disappears in a puff of smoke!
A puff of flame appears from out of thin air!
The puff of flame hits you!
You die...

..######.##.##
#.# #.# ..#
#.##..# ###
### ..#
#5##### ###
#..5..#
####{###♣♣
#...#.P♣♣ ♣♣#
##.....P♣♣♣♣.+
##....P.♣5.♣#
###..@♣.♣♣♣
##♣♣♣♣♣


You could see a friendly crimson imp.

Vanquished Creatures
  A giant cockroach (D:1)
  A goblin (D:2)
  A hobgoblin (D:1)
  A jackal (D:1)
  A ball python (D:2)
  2 bats
  A rat (D:1)
8 creatures vanquished.

Vanquished Creatures (collateral kills)
  An adder (D:2)
  2 leopard geckos (D:2)
  2 goblins
  6 hobgoblins
  9 jackals
  3 kobolds
  A ball python (D:1)
  4 bats
  4 frilled lizards (D:2)
  2 rats (D:1)
34 creatures vanquished.

Grand Total: 42 creatures vanquished

Notes
Turn   | Place    | Note
-------+----------+-------------------------------------------
     0 | D:1      | cultivahabas the Deep Elf Summoner began the quest for the Orb.
     0 | D:1      | Reached XP level 1. HP: 10/10 MP: 6/6
   764 | D:1      | Reached XP level 2. HP: 15/15 MP: 2/8
  1484 | D:1      | Reached skill level 5 in Summonings
  2021 | D:2      | Learned a level 2 spell: Call Imp
  2264 | D:2      | Found a hide-covered altar of Uskayaw.
  2264 | D:2      | Found a glowing silver altar of Zin.
  2318 | D:2      | Noticed Sigmund
  2320 | D:2      | Noticed Jessica
  2557 | D:2      | Reached XP level 3. HP: 19/19 MP: 6/10
  2687 | D:2      | Found an ornate altar of the Wu Jian Council.
  2806 | D:2      | Found a runed door.
  2861 | D:2      | Killed from afar by Sigmund

Skill      XL: |  1  2 |
---------------+-------+-----
Summonings     | 5 |  5.3
Dodging        | |  2.4
Stealth        | |  2.4
Spellcasting   | |  3.7

Action                   || total
-------------------------++-------
Melee: Club              ||    26
       Short sword       ||    32
Throw: Stone             ||     8
 Cast: Summon Small Mamm ||    34
       Call Imp          ||    13
 Stab: Sleeping          ||     1
  Eat: Chunk             ||     6
Armor: Robe              ||    15
Dodge: Dodged            ||    74
